 Dungeon Crawl Stone Soup version 0.30.1-11-g7821555f0a (webtiles) character file.

Game seed: 10919962545466149252

2 RancidPinata the Sneak (level 1, -3/16 HPs)
             Began as an Octopode Delver on Dec 22, 2023.
             Slain by an orc
             ... wielding a +0 whip
              (6 damage)
             ... on level 5 of the Dungeon.
             The game lasted 00:00:44 (74 turns).

RancidPinata the Sneak (Octopode Delver)              Turns: 74, Time: 00:00:45

Health: -3/16      AC:  1    Str: 11    XL:     1   Next: 30%
Magic:  1/1        EV: 13    Int: 12    God:
Gold:   0          SH:  0    Dex: 13    Spells: 0/0 levels left

rFire   . . .        a - +0 short sword
rCold   . . .        (no shield)
rNeg    . . .        (helmet restricted)
rPois   .            (no amulet)
rElec   .            (no ring)
rCorr   .            (no ring)
SInv    .            (no ring)
Will    .....        (no ring)
Stlth   ++++         (no ring)
HPRegen 0.22/turn    (no ring)
MPRegen 0.07/turn    (no ring)
                     (no ring)

%: no passive effects
@: no status effects
A: almost no armour, amphibious, 8 rings, camouflage 1, gelatinous body 1,
(nimble swimmer 1), tentacles
a: no special abilities


You were on level 5 of the Dungeon.
You visited 1 branch of the dungeon, and saw 2 of its levels.

Inventory:

Hand Weapons
 a - a +0 short sword (weapon)
Wands
 f - a wand of digging (2)
Scrolls
 b - a scroll of fog
 c - a scroll of magic mapping
 d - a scroll of fear
 g - a scroll of identify {unknown}
Potions
 e - a potion of haste


   Skills:
 + Level 3.0 Fighting
 + Level 2.0 Short Blades
 + Level 2.0 Dodging
 + Level 6.6 Stealth


You couldn't memorise any spells.
You didn't know any spells.
Your spell library was empty.

Dungeon Overview and Level Annotations

Branches:
Dungeon (6/15)
 Temple: D:4-7

Altars:


Innate Abilities, Weirdness & Mutations

You cannot wear most types of armour.
You are amphibious.
You can wear up to eight rings at the same time.
Your skin changes colour to match your surroundings (Stealth+).
Your rubbery body absorbs attacks. (AC +1, EV +1)
((You are camouflaged when in or above water. (Stealth+)))
You have tentacles for arms and can constrict up to eight enemies at once.


Message History

You see here 8 stones. 2 orcs come into view.
An orc comes into view. It is wielding a +0 trident.
A gnoll comes into view. It is wielding a +0 spear.
An orc comes into view. It is wielding a +0 club.
The orc shouts!
You hear a shout!
The orc shouts!
The gnoll shouts!
You hear a shout! x4
The orc closely misses you.
A gnoll bouda comes into view. It is wielding a +0 club.
An orc comes into view. It is wielding a +0 club.
The orc shouts!
The orc attacks as you move away! The orc barely misses you.
The orc closely misses you. The orc attacks as you move away!
The orc barely misses you. The orc attacks as you move away!
The orc barely misses you. The orc hits you with a +0 club.
You barely miss the orc. You grab the orc.
You constrict the orc, but do no damage.
The orc hits you with a +0 club.
You hit the orc. You squeeze the orc.
The orc is moderately wounded.
You constrict the orc. The orc barely misses you. x2
An ogre comes into view. It is wielding a +0 giant club.
The ogre shouts!
You hit the orc.
The orc is severely wounded.
You constrict the orc. The orc hits you with a +0 club.
The orc hits you from afar with a +0 trident.
Aiming: Dig
Press: ? - help, Shift-Dir - straight line A rock wall.
The rock shatters into small pieces.
You constrict the orc.
You kill the orc!
The orc misses you. The ogre attacks as you move away!
The ogre closely misses you. The orc attacks as you move away!
The orc hits you with a +0 whip.
* * * LOW HITPOINT WARNING * * *
Found a sling.
The orc attacks as you move away! The orc hits you with a +0 whip.
You die...

###.## .......)
#.o####...#....
#.#.##)....#...
#..#o#.#.....
##..#o.#.#.#
##...O..).#
##......#..#
####..#..##o..#
#....#...###@.#
..#....(###...#
#.
#.###.##..#.##
# ...
#.##.##..# .##
##....###.#
###..##.# #<#
#...###.# #.#
#########.# #.#
#≈≈≈§§≈≈#.# #.#
#


You could see an ogre and 4 orcs.

Vanquished Creatures
  An orc (D:5)
1 creature vanquished.

Notes
Turn   | Place    | Note
-------+----------+-------------------------------------------
     0 | D:5      | RancidPinata the Octopode Delver began the quest for the
                  | Orb.
     0 | D:5      | Reached XP level 1. HP: 16/16 MP: 1/1
     1 | D:6      | Noticed a sky beast
    57 | D:5      | Noticed a gnoll bouda
    63 | D:5      | Noticed an ogre
    74 | D:5      | Slain by an orc

Illustrated notes

Levels and vault maps discovered:
D:5:      layout_rooms, kennysheep_mini, kennysheep_small_square
D:6:      layout_basic, st_stairs_3, uniq_blork_the_orc

Action                     || total
---------------------------++-------
  Melee: Short sword       ||     3
         Constrict         ||     1
         Tentacles         ||     1
  Evoke: Wand              ||     1
  Dodge: Dodged            ||     9
